Unix NetHack Version 3.7.0-65 Work-in-progress - last build Sep 26 2022 05:48:34 (a9070be95fe145525c880ceec589f5104d392f49,branch:master). Game began 2022-09-26 07:05:03, ended 2022-09-26 08:37:38. y4k4r1, lawful male human Samurai ---------- ------- --- --------#####.........| ..$... ..| |......|# |........| ------- ### .... ..| |......-#####.........| |..|..-###### .... >..| #.......|# ---------- |.*...| # # ... ... ######|......|# ###......|#### # ... ## -.------# # |......# # . ################ # |.....| ########### ##### #### # |.....| ######### ## ------- # # # # # ---------r-- ------ # |.........@d |.)...############### |..........| |..<.| # |........... |....-## ------------ ------ Y4k4r1 the Hatamoto St:13 Dx:14 Co:17 In:14 Wi:9 Ch:6 Lawful S:192 Dlvl:2 $:26 HP:0(26) Pw:7(7) AC:3 Xp:2/29 T:1239 Fainted Deaf Latest messages: You faint from lack of food. You regain consciousness. You stop. Hachi is in the way! You swap places with Hachi. You swap places with Hachi. The door opens. $ - 5 gold pieces (26 in total). You see here a large box. # Hmmm, the large box turns out to be locked. b - a blessed +0 wakizashi (weapon in hand). a - a +0 katana (alternate weapon; not wielded). # There is a locked large box here; force its lock? [ynq] (q) You force your wakizashi into a crack and pry. You succeed in forcing the lock. You faint from lack of food. You regain consciousness. # h - a gunyoki. m - a tripe ration. n - a cyan potion. o - a puce potion. You faint from lack of food. The giant rat bites! The giant rat bites! The giant rat bites! The giant rat bites! The giant rat misses! The giant rat just misses! The giant rat just misses! The giant rat bites! You regain consciousness. You miss the giant rat. The giant rat bites! a - a +0 katana (weapon in hand). b - a blessed +0 wakizashi (alternate weapon; not wielded). The giant rat bites! You faint from lack of food. The giant rat bites! The giant rat bites! The giant rat bites! The giant rat bites! The giant rat bites! The giant rat bites! The giant rat bites! The giant rat bites! The giant rat bites! You die... Do you want your possessions identified? [ynq] (y) Inventory: Coins $ - 26 gold pieces Weapons d - 38 blessed +0 ya (in quiver) c - a +0 yumi a - a +0 katana (weapon in hand) b - a blessed +0 wakizashi (alternate weapon; not wielded) Armor l - an uncursed +0 orcish helm (being worn) e - an uncursed rustproof +0 splint mail (being worn) Comestibles h - an uncursed gunyoki m - an uncursed tripe ration k - an uncursed tin of spinach Spellbooks i - an uncursed spellbook of confuse monster Potions j - a blessed potion of gain energy n - an uncursed potion of oil o - an uncursed potion of sickness Rings g - an uncursed +1 ring of increase accuracy Gems/Stones f - an uncursed jade stone Y4k4r1 the Samurai's attributes: Background: You were a Hatamoto, a level 2 male human Samurai. You were lawful, on a mission for Amaterasu Omikami who was opposed by Raijin (neutral) and Susanowo (chaotic). You were in the Dungeons of Doom, on level 2. You entered the dungeon 1239 turns ago. There was a new moon in effect when your adventure ended. You had 29 experience points, 11 more were needed to attain level 3. Your score was 192 before end-of-game adjustments. Basics: You had 0 out of 26 hit points. You had all 7 energy points (spell power). Your armor class was 3. Your wallet contained 26 zorkmids. Autopickup was on for '$?!/="+' plus thrown, with exceptions. Final Characteristics: Your strength was 13 (base:14, limit:18/100). Your dexterity was 14 (limit:18). Your constitution was 17 (limit:18). Your intelligence was 14 (limit:18). Your wisdom was 9 (limit:18). Your charisma was 6 (limit:18). Final Status: You were deaf. You were fainted due to starvation. You were unencumbered. You were wielding a long sword. You had basic skill with long sword. Final Attributes: You were devoutly aligned. You were warded. You were fast. You are dead. Miscellaneous: You never encountered a bones level. Total elapsed playing time was 39 minutes and 25 seconds. Major events: Turn 1: y4k4r1 the lawful male human Samurai entered the dungeon 226: found Frost Brand carried by a monster 1239: killed by a giant rat, while fainted from lack of food Vanquished creatures: a gecko a kobold a goblin 2 grid bugs 3 lichens 6 newts 14 creatures vanquished. No species were genocided or became extinct. Voluntary challenges: You were illiterate. You never engraved Elbereth. You never genocided any monsters. You never polymorphed an object. You never changed form. You used no wishes. The Dungeons of Doom: levels 1 to 2 Level 1: A fountain, a sink. Level 2: <- You were here. A grave. Final resting place for you, killed by a giant rat, while fainted from lack of food. Game over: ---------- / \ / REST \ / IN \ / PEACE \ / \ | y4k4r1 | | 26 Au | | killed by a | | giant rat | | | | | | 2022 | *| * * * | * _________)/\\_//(\/(/\)/\//\/|_)_______ Sayonara y4k4r1 the Samurai... You died in The Dungeons of Doom on dungeon level 2 with 190 points, and 26 pieces of gold, after 1239 moves. You were level 2 with a maximum of 26 hit points when you died.